 Dungeon Crawl Stone Soup version 0.29.1-13-g9f3cf754e1 (webtiles) character file.

Game seed: 17727901412160693071

224 Thatpatchoflichen the Shooter (level 5, -6/42 HPs)
             Began as a Demonspawn Hunter on Feb 3, 2023.
             Mangled by a mummy (9 damage)
             ... in an ossuary.
             The game lasted 00:09:53 (2968 turns).

Thatpatchoflichen the Shooter (Demonspawn Hunter)   Turns: 2968, Time: 00:09:53

Health: -6/42      AC:  9    Str: 12    XL:     5   Next: 67%
Magic:  5/5        EV: 13    Int: 10    God:
Gold:   63         SH:  0    Dex: 18    Spells: 4/4 levels left

rFire   + . .      SeeInvis .   a - +0 shortbow
rCold   + . .      Faith    .   (shield currently unavailable)
rNeg    + . .      Spirit   .   c - +0 leather armour
rPois   +          Reflect  .   (no helmet)
rElec   +          Harm     .   (no cloak)
rCorr   +          Rampage  .   (no gloves)
Will    .....                   (no boots)
Stlth   ++........              (no amulet)
HPRegen 0.14/turn               d - ring of positive energy
MPRegen 0.09/turn               j - ring of resist corrosion

@: resistant, sanguine armoured
A: powered by death 2, sanguine armour 1, demonic touch 1
a: no special abilities


You were in an ossuary.
You visited 1 branch of the dungeon, and saw 4 of its levels.
You also visited: Ossuary.

You collected 63 gold pieces.

Inventory:

Hand Weapons
 a - a +0 shortbow (weapon)
Armour
 c - a +0 leather armour (worn)
Jewellery
 d - a ring of positive energy (left hand)
 j - a ring of resist corrosion (right hand)
Wands
 l - a wand of charming (3)
Scrolls
 b - 4 scrolls of immolation
 e - 2 scrolls of fear {unknown}
 f - a scroll of magic mapping {unknown}
 g - a scroll of brand weapon {unknown}
 h - a scroll of butterflies {unknown}
 i - 2 scrolls of identify {unknown}
 k - 2 scrolls of poison {unknown}
Potions
 m - a potion of resistance
 n - a potion of cancellation {unknown}
 o - a potion of curing {unknown}


   Skills:
 + Level 3.8 Fighting
 + Level 4.7 Ranged Weapons
 + Level 3.4 Dodging
 - Level 1.0 Stealth


You had 4 spell levels left.
You didn't know any spells.
Your spell library contained the following spells:

 Spells                   Type           Power      Damage    Failure   Level
 Ensorcelled Hibernation  Hex/Ice        0%         N/A       58%         2
 Passwall                 Tmut/Erth      0%         N/A       58%         2
 Sublimation of Blood     Necr           0%         N/A       58%         2
 Wereblood                Tmut           0%         N/A       58%         2
 Swiftness                Air            0%         N/A       82%         3
 Summon Hydra             Summ           0%         N/A       100%        7


Dungeon Overview and Level Annotations

Branches:
Dungeon (4/15)            Ossuary (1/1)
 Temple: D:4-7

Altars:
Wu Jian

Shops:
D:1 (*[(

Annotations:
D:3 1 runed translucent door, bjubeck's ghost, weakling MiFi
D:4 Blork the orc


Innate Abilities, Weirdness & Mutations

You regenerate health from kills.
When seriously injured, your blood forms armour. (AC +6)
Your touch may inflict minor irresistible damage on your foes.


Message History

You shoot an arrow. The arrow hits the mummy.
The mummy is moderately damaged.
The mummy closely misses you.
Fire: a) +0 shortbow
Press: ? - help, Q - select action, (/) - cycle Shift-Dir - straight line, f/p - mummy
Aim: a mummy (moderately damaged, 77% to hit)
You shoot an arrow.
The arrow hits the mummy but does no damage.
The mummy is moderately damaged.
The mummy hits you!
Your blood congeals into armour.
Fire: a) +0 shortbow
Press: ? - help, Q - select action, (/) - cycle Shift-Dir - straight line, f/p - mummy
Aim: a mummy (moderately damaged, 77% to hit)
You shoot an arrow. The arrow hits the mummy.
The mummy is heavily damaged.
Unknown command.
Fire: a) +0 shortbow
Press: ? - help, Q - select action, (/) - cycle Shift-Dir - straight line, f/p - mummy
Aim: a mummy (heavily damaged, 77% to hit)
You shoot an arrow.
The arrow hits the mummy but does no damage.
The mummy is heavily damaged.
The mummy barely misses you.
Fire: a) +0 shortbow
Press: ? - help, Q - select action, (/) - cycle Shift-Dir - straight line, f/p - mummy
Aim: a mummy (heavily damaged, 77% to hit)
You shoot an arrow. The arrow barely misses the mummy.
The mummy hits you!
Unknown command.
Fire: a) +0 shortbow
Press: ? - help, Q - select action, (/) - cycle Shift-Dir - straight line, f/p - mummy
Aim: a mummy (heavily damaged, 77% to hit)
You shoot an arrow. The arrow hits the mummy!
The mummy is almost destroyed.
The mummy hits you!
* * * LOW HITPOINT WARNING * * *
It was a potion of resistance.
You feel protected. The mummy hits you!
You die...

### #.# ##### ..! #####
?!? ?.? #.!.# !!? #.#
.?. #^# #.# #.# ###.#
###M### #.### #.'.##
##..@..## ##.'.#
###.^###.......###..###
#.'...#.........#...'.#
###...'....⌠....'...###
#.'...#.....^...#...'.#
###..###.......###..###
#.'.## ##.....## ##.'.#
###.# ###'### #.###
##.## #.# #^#


You could see a mummy.

Vanquished Creatures
  A phantom (D:4)
  A centaur zombie (Ossuary)
  A human zombie (Ossuary)
  2 mummies (Ossuary)
  An adder (D:3)
  A dart slug (D:2)
  10 ball pythons
  2 bats
  3 endoplasms
  3 giant cockroaches
  6 goblins
  4 hobgoblins
  2 jackals (D:2)
  4 kobolds
  A quokka (D:4)
  2 frilled lizards
  2 gnoll zombies (Ossuary)
  3 hobgoblin zombies (Ossuary)
  A kobold zombie (Ossuary)
  6 rats
56 creatures vanquished.

Notes
Turn   | Place    | Note
-------+----------+-------------------------------------------
     0 | D:1      | Thatpatchoflichen the Demonspawn Hunter began the quest for
                  | the Orb.
     0 | D:1      | Reached XP level 1. HP: 16/16 MP: 1/1
    77 | D:1      | Reached skill level 1 in Stealth
    90 | D:1      | Found Zuonophu's Antique Armour Emporium.
   181 | D:1      | Found Detiwn's Weapon Shop.
   339 | D:1      | Gained mutation: Your touch may inflict minor irresistible
                  | damage on your foes. [demonic ancestry]
   339 | D:1      | Reached XP level 2. HP: 18/22 MP: 2/2
   541 | D:1      | Found Kybbeplu's General Store.
   614 | D:1      | Found Helo's Weapon Shoppe.
  1036 | D:2      | Gained mutation: You regenerate a little health from kills.
                  | [demonic ancestry]
  1036 | D:2      | Reached XP level 3. HP: 24/28 MP: 3/3
  1084 | D:2      | Reached skill level 4 in Ranged Weapons
  1209 | D:2      | Found a faded altar of an unknown god.
  1232 | D:2      | Found an ornate altar of the Wu Jian Council.
  1792 | D:3      | Found a runed translucent door.
  1802 | D:3      | Noticed bjubeck's ghost (weakling MiFi)
  2264 | D:4      | Noticed a phantom
  2281 | D:4      | Killed a phantom
  2282 | D:4      | Gained mutation: You regenerate health from kills. [demonic
                  | ancestry]
  2282 | D:4      | Reached XP level 4. HP: 6/35 MP: 4/4
  2448 | D:4      | Noticed Blork the orc
  2594 | D:4      | Found a sand-covered staircase.
  2604 | Ossuary  | Entered an ossuary
  2682 | Ossuary  | Gained mutation: When seriously injured, your blood forms
                  | armour. (AC +6) [demonic ancestry]
  2682 | Ossuary  | Reached XP level 5. HP: 18/41 MP: 5/5
  2968 | Ossuary  | Mangled by a mummy

Illustrated notes

Levels and vault maps discovered:
D:1:      sevenhm_arrival_forest_fort_small_4, layout_basic, serial_shops, shop,
          shop_fountains, shop, nicolae_diamond_shop
D:2:      layout_basic, basic_altar, nicolae_ecumenical_snake_handling,
          feat_on_display
D:3:      layout_basic, hellmonk_ghost_happy_afterlife
D:4:      layout_basic, nicolae_ossuary_entry_ruins, kennysheep_generic_room_4,
          uniq_blork_the_orc
Ossuary:  ossuary_crypta

Skill      XL: |  1  2  3 |
---------------+----------+-----
Stealth        | 1 |  1.0
Dodging        | 2 3 |  3.4
Ranged Weapons | 4 |  4.7
Fighting       | 3 |  3.8

Action                   |  1- 3 |  4- 6 || total
-------------------------+-------+-------++-------
 Fire: Shortbow          |   158 |    68 ||   226
  Use: Potion            |       |     1 ||     1
Armor: Leather armour    |    33 |     8 ||    41
Dodge: Dodged            |    65 |    28 ||    93
